 Dungeon Crawl Stone Soup version 0.22-a0-223-g0f5d773 (webtiles) character file.

1640 4thArraOfDagon the Fighter (level 8, -1/61 HPs)
             Began as an Octopode Arcane Marksman on Feb 18, 2018.
             Was a Priest of Elyvilon.
             Killed from afar by an orc wizard (7 damage)
             ... with a magic dart
             ... on level 6 of the Dungeon.
             The game lasted 00:09:46 (3754 turns).

4thArraOfDagon the Fighter (OpAM)                   Turns: 3754, Time: 00:09:46

Health: -1/61      AC:  1    Str:  9    XL:     8   Next: 99%
Magic:  6/14       EV: 13    Int: 18    God:    Elyvilon [***...]
Gold:   262        SH:  0    Dex: 12    Spells: 5/9 levels left

rFire    . . .     SeeInvis .   q - +4 short sword (flame)
rCold    . . .     Gourm    +   (no shield)
rNeg     . . .     Faith    .   (helmet restricted)
rPois    .         Spirit   .   y - amulet of the gourmand
rElec    .         Reflect  .   k - ring of wizardry
rCorr    .         Harm     .   (no ring)
MR       .....                  (no ring)
Stlth    ++........             (no ring)
HPRegen  0.20/turn              (no ring)
MPRegen  0.14/turn              (no ring)
                                (no ring)
                                (no ring)

@: very slightly contaminated, invisible
A: almost no armour, stealthy swim, amphibious, 8 rings, constrict 8, camouflage
1, gelatinous body 1
a: Lesser Healing, Heal Other, Purification, Divine Protection, Renounce
Religion


You were on level 6 of the Dungeon.
You worshipped Elyvilon.
Elyvilon was most pleased with you.
You were not hungry.

You visited 1 branch of the dungeon, and saw 6 of its levels.

You collected 262 gold pieces.

Inventory:

Hand Weapons
 h - a +1 mace of protection
 p - a cursed -1 scythe
 q - a +4 short sword of flaming (weapon)
 v - a +0 falchion
 w - a +1 mace of holy wrath
Missiles
 b - 5 javelins (quivered)
 c - 2 throwing nets
Magical Staves
 r - an uncursed staff of fire
Jewellery
 k - a ring of wizardry (left tentacle)
 y - an amulet of the gourmand (around mantle)
Wands
 i - a wand of flame (31)
 z - a wand of clouds (3)
Scrolls
 d - a scroll of blinking {unknown}
 f - a scroll of noise {unknown}
 j - 9 scrolls of identify {unknown}
 n - 2 scrolls of remove curse {unknown}
 t - 2 scrolls of teleportation {unknown}
 u - a scroll of fear {unknown}
 A - a scroll of amnesia {unknown}
 D - a scroll of magic mapping {unknown}
Potions
 g - a potion of curing
 l - a potion of magic {unknown}
 m - 2 potions of might {unknown}
 o - 2 potions of haste {unknown}
 s - a potion of brilliance {unknown}
 B - 2 potions of lignification {unknown}
 C - a potion of mutation {unknown}
Comestibles
 a - 5 rations


   Skills:
 + Level 8.2 Fighting
 - Level 2.0 Throwing
 - Level 2.0 Dodging
 - Level 1.0 Spellcasting
 - Level 3.0 Hexes
 + Level 8.0 Invocations


You had 5 spell levels left.
You knew the following spells:

 Your Spells              Type           Power        Failure   Level  Hunger
a - Corona                Hex            ##.....      2%          1    ##.....
b - Inner Flame           Hex/Fire       #.......     13%         3    ####...


Dungeon Overview and Level Annotations

Branches:
Dungeon (6/15)             Temple (0/1) D:5

Altars:
Ashenzari
Elyvilon
Fedhas
Gozag
Makhleb
Sif Muna
Trog
Xom

Shops:
D:5 (

Annotations:
D:3 4thArraOfDagon's ghost, weakling OpAM
D:6 1 exclusion


Innate Abilities, Weirdness & Mutations

You cannot wear most types of armour.
You are very stealthy in the water. (Stealth+)
You are amphibious.
You can wear up to eight rings at the same time.
You can use your tentacles to constrict eight enemies at once.
Your skin changes colour to match your surroundings (Stealth+).
Your rubbery body absorbs attacks. (AC +1, EV +1)


Message History

Found a scroll labeled UREEXE LAQA.
Unknown command.
Unknown command.
Unknown command.
Something hits the orc.
Unknown command.
Unknown command.
The orc wizard points at the orc and mumbles some strange words.
The magic dart hits you!
* * * LOW HITPOINT WARNING * * *
Found 15 gold pieces.
Found a stone staircase leading down.
Unknown command.
Unknown command.
Unknown command.
You see here a scroll labeled UREEXE LAQA.
Unknown command.
j - 9 scrolls labeled UREEXE LAQA (gained 1)
The orc wizard gestures at something while chanting.
The magic dart hits you!
You die...

##### ##.... #...
################.###$#
%..o........o...@...>#
#########.W.).##.#####
#.....#.## #.......#
#.....#.# #.....#...
#.....#.....
#.....#..... #######
#.#


You could see a phantom (wandering) and an orc wizard.

Vanquished Creatures
  Grinder (D:4)
  Sigmund (D:2)
  Duvessa (D:4)
  A phantom (D:6)
  3 ogres
  A centaur (D:5)
  Blork the orc (D:4)
  A bullfrog (D:6)
  Dowan (D:4)
  2 crimson imps
  A jelly (D:5)
  A bullfrog zombie (D:5)
  Crazy Yiuf (D:3)
  A bullfrog skeleton (D:5)
  An orc priest (D:4)
  A centaur zombie (D:5)
  An iguana (D:5)
  2 worker ants
  Robin (D:2)
  A howler monkey skeleton (D:6)
  2 adders
  2 shadow imps (D:6)
  An adder skeleton (D:4)
  A worm (D:3)
  A dart slug (D:2)
  A leopard gecko (D:4)
  14 orcs
  6 giant cockroaches
  15 goblins
  6 hobgoblins
  2 jackals (D:2)
  3 quokkas
  A ball python skeleton (D:2)
  6 bats
  A frilled lizard (D:2)
  3 kobolds
  2 rats
91 creatures vanquished.

Vanquished Creatures (others)
  An orc (D:6)
1 creature vanquished.

Grand Total: 92 creatures vanquished

Notes
Turn   | Place    | Note
-------+----------+-------------------------------------------
     0 | D:1      | 4thArraOfDagon the Octopode Arcane Marksman began the quest for the Orb.
     0 | D:1      | Reached XP level 1. HP: 13/13 MP: 2/2
   205 | D:2      | Found a deep blue altar of Sif Muna.
   281 | D:2      | Noticed a crimson imp
   305 | D:2      | Killed a crimson imp
   305 | D:2      | Reached XP level 2. HP: 15/21 MP: 3/3
   305 | D:2      | Reached XP level 3. HP: 19/26 MP: 4/4
   323 | D:2      | Noticed Sigmund
   341 | D:2      | Found a burning altar of Makhleb.
   341 | D:2      | Found a bloodstained altar of Trog.
   347 | D:2      | Found a faded altar of an unknown god.
   349 | D:2      | Found a faded altar of an unknown god.
   350 | D:2      | Found a shattered altar of Ashenzari.
   364 | D:2      | Became a worshipper of Elyvilon the Healer
   364 | D:2      | Reached * piety under Elyvilon
   516 | D:1      | Learned a level 3 spell: Inner Flame
  1010 | D:3      | Reached XP level 4. HP: 31/31 MP: 5/5
  1017 | D:3      | Reached skill level 1 in Invocations
  1191 | D:2      | Noticed Robin
  1199 | D:2      | Killed Robin
  1227 | D:2      | Killed Sigmund
  1227 | D:2      | Reached XP level 5. HP: 14/38 MP: 5/7
  1227 | D:2      | Reached XP level 6. HP: 16/45 MP: 5/8
  1557 | D:3      | Reached ** piety under Elyvilon
  1652 | D:3      | Found a runed door.
  1656 | D:3      | Noticed Crazy Yiuf
  1741 | D:3      | Killed Crazy Yiuf
  1741 | D:3      | Reached skill level 5 in Fighting
  1816 | D:3      | Found a burning altar of Makhleb.
  1816 | D:3      | Noticed a balrug
  1904 | D:3      | Noticed 4thArraOfDagon's ghost (weakling OpAM)
  2046 | D:4      | Found an opulent altar of Gozag.
  2085 | D:4      | Noticed Duvessa
  2109 | D:4      | Killed Duvessa
  2114 | D:4      | Noticed Dowan
  2117 | D:4      | Killed Dowan
  2117 | D:4      | Reached XP level 7. HP: 25/50 MP: 8/10
  2209 | D:4      | Noticed Blork the orc
  2221 | D:4      | Reached skill level 5 in Invocations
  2227 | D:4      | Killed Blork the orc
  2284 | D:4      | Found a shimmering altar of Xom.
  2388 | D:4      | Noticed Grinder
  2433 | D:4      | Killed Grinder
  2433 | D:4      | Reached XP level 8. HP: 41/58 MP: 12/12
  2519 | D:5      | Entered Level 5 of the Dungeon
  2527 | D:5      | Reached *** piety under Elyvilon
  2579 | D:5      | Found a white marble altar of Elyvilon.
  2777 | D:5      | Found Pyczima's Weapon Shop.
  2824 | D:5      | Found a blossoming altar of Fedhas.
  2833 | D:5      | Found a staircase to the Ecumenical Temple.
  3590 | D:6      | Reached **** piety under Elyvilon
  3730 | D:6      | HP: 1/61 [orc/hand axe (5)]
  3754 | D:6      | Killed from afar by an orc wizard

Vault maps used:
D:1:      lightli_arrival_maybe_door_vault
D:2:      nicolae_overflow_crystal_walls, chequers_temple_overflow_minitemple,
          first_ration, minivault_19, grunt_decor_one_mirror,
          small_statue_intersection, uniq_robin, uniq_sigmund
D:3:      makhleb_altar_promises_db, uniq_crazy_yiuf_cottage
D:4:      nicolae_gozag_seed_capital, brannock_xom_greatest_gift, uniq_duvessa,
          uniq_grinder, uniq_blork_the_orc
D:5:      lemuel_coloured_pillars_altar, minmay_temple_entry_glassed_door,
          basic_altar, serial_shops, shop_fountains, minmay_misc_feat_five

Skill      XL: |  1  2  3  4  5  6  7  8 |
---------------+-------------------------+-----
Fighting       | 3 4 5 6 8 |  8.2
Invocations    | 3 4 6 8 |  8.0
Throwing       | |  2.0
Dodging        | |  2.0
Spellcasting   | |  1.0
Hexes          | |  3.0

Action                   |  1- 3 |  4- 6 |  7- 9 || total
-------------------------+-------+-------+-------++-------
Melee: Mace              |    43 |    70 |    10 ||   123
       Unarmed           |     9 |       |       ||     9
       Constrict         |    13 |    24 |    17 ||    54
       Tentacles         |     6 |    12 |    17 ||    35
       Short sword       |       |     1 |    76 ||    77
Throw: Javelin           |     4 |    19 |    28 ||    51
       Throwing net      |       |     3 |       ||     3
Invok: Lesser Healing    |       |     2 |     2 ||     4
       Heal Other        |       |       |     7 ||     7
Evoke: Wand              |       |     4 |    22 ||    26
  Use: Potion            |       |     3 |     3 ||     6
 Stab: Sleeping          |     5 |       |     4 ||     9
  Eat: Chunk             |       |     3 |       ||     3
       Ration            |       |       |     3 ||     3
Armor: Skin              |    12 |     9 |       ||    21
Dodge: Dodged            |    32 |    66 |    76 ||   174

Table legend:
 A = Spawn XP
 B = Non-spawn XP
 C = Spawn XP percentage of total XP
 D = Spawn monster count
 E = Non-spawn monster count
 F = Spawn count percentage of total count
 G = Total turns spent on level
                    A         B        C        D         E        F      G
               +---------+---------+-------+---------+---------+-------+---------
         Total |       0 |    2167 |   0.0 |       0 |      91 |   0.0 |  3754
               +---------+---------+-------+---------+---------+-------+---------
           D:1 |       0 |      20 |   0.0 |       0 |      11 |   0.0 |   636
           D:2 |       0 |     340 |   0.0 |       0 |      32 |   0.0 |   726
           D:3 |       0 |      84 |   0.0 |       0 |      13 |   0.0 |   589
           D:4 |       0 |     818 |   0.0 |       0 |      14 |   0.0 |   568
           D:5 |       0 |     484 |   0.0 |       0 |      11 |   0.0 |   937
           D:6 |       0 |     421 |   0.0 |       0 |      10 |   0.0 |   298
               +---------+---------+-------+---------+---------+-------+---------
